 Dungeon Crawl Stone Soup version 0.31-a0-949-g57150269e1 (webtiles) character file.

Game seed: 10251855667835156324

1169 demibob the Stinger (level 8, 0/45 HPs)
             Began as a Deep Elf Chaos Knight on Oct 23, 2023.
             Was an Initiate of Ashenzari.
             Killed from afar by an orc wizard (2 damage)
             ... with a puff of flame
             ... on level 5 of the Dungeon.
             The game lasted 00:16:29 (6066 turns).

demibob the Stinger (Deep Elf Chaos Knight)         Turns: 6066, Time: 00:16:30

Health: 0/45       AC:  7    Str: 12      XL:     8   Next: 17%
Magic:  12/16      EV: 12    Int: 16      God:    Ashenzari [......]
Gold:   826        SH:  0    Dex: 15 (17) Spells: 9/16 levels left

rFire   . . .        a - staff of Ashenzari's Dismay (curse) {rC+ Ice, !a, Elem, Melee} (curse)
rCold   + . .        (no shield)
rNeg    + . .        b - +3 leather armour
rPois   .            (helmet restricted)
rElec   .            (no cloak)
rCorr   .            (no gloves)
SInv    .            m - +0 pair of boots
Will    .....        (no amulet)
Stlth   +            N - ring of positive energy
HPRegen 0.27/turn    (no ring)
MPRegen 0.15/turn

%: no passive effects
@: no status effects
A: horns 1, agile 1, dopey 1, screaming 1, strong 1, subdued magic 1
a: Renounce Religion, Curse Item, Shatter the Chains


You were on level 5 of the Dungeon.
You worshipped Ashenzari.
Ashenzari was noncommittal.
You visited 1 branch of the dungeon, and saw 5 of its levels.

You collected 826 gold pieces.


Innate Abilities, Weirdness & Mutations

You have a pair of small horns on your head.
You are agile. (Dex +4, Str/Int -1)
You are dopey. (Int -2)
You occasionally shout uncontrollably at your foes.
Your muscles are strong. (Str +4, Int/Dex -1)
Your spells are a little easier to cast, but a little less powerful.


   Skills:
 - Level 2.4 Fighting
 - Level 2.1(3.2) Polearms
 + Level 4.1(5.0) Staves
 - Level 1.5 Armour
 - Level 2.4 Dodging
 - Level 4.5 Spellcasting
 - Level 4.2(4.6) Ice Magic
 + Level 6.8 Poison Magic
 - Level 0.5 Evocations


You had 9 spell levels left.
You knew the following spells:

 Your Spells              Type           Power      Damage    Failure   Level
o - Olgreb's Toxic Radia  Pois           19%        N/A       10%         4
p - Poisonous Vapours     Pois/Air       22%        N/A       6%          2
z - Sting                 Tmut/Pois      44%        1d5       3%          1

Your spell library contained the following spells:

 Spells                   Type           Power      Damage    Failure   Level
 Anguish                  Hex/Necr       1%         N/A       88%         4
 Cause Fear               Hex            1%         N/A       88%         4
 Leda's Liquefaction      Hex/Erth       1%         N/A       88%         4
 Iskenderun's Battlesphe  Conj           2%         2d6       99%         5
 Lee's Rapid Deconstruct  Erth           1%         3d4*      99%         5
 Bombard                  Conj/Erth      1%         9d1       100%        6
 Enfeeble                 Hex            1%         N/A       100%        7
 Spellforged Servitor     Conj/Summ      1%         N/A       100%        7

Inventory:

Hand Weapons
 e - a +0 spear of chaos
Missiles
 g - a throwing net {=f}
Armour
 b - a +3 leather armour (worn)
 m - a +0 pair of boots (worn)
 n - the +5 ring mail of Marbles {rN+ Will+ Str+3 Int-2}
   (You took it off a goblin on level 4 of the Dungeon)

   Str+3:     It affects your strength (+3).
   Int-2:     It affects your intelligence (-2).
   rN+:       It protects you from negative energy.
   Will+:     It increases your willpower.
Magical Staves
 a - the cursed staff of Ashenzari's Dismay (weapon) {rC+ Ice, !a, Elem, Melee}
   (You found it on level 1 of the Dungeon)

   [staff of cold]

   Base accuracy: +5 Base damage: 5 Base attack delay: 1.2 This weapon's minimum
   attack delay (0.6) is reached at skill level 12.
   rC+:       It protects you from cold.
   Ice:       It increases the power of your Ice spells.
   It falls into the 'Staves' category.
   It is a one-handed weapon.
   It has a curse which improves the following skills: Elements: Fire Magic, Ice
   Magic, Air Magic and Earth Magic.
   Melee Combat: Short Blades, Long Blades, Axes, Maces & Flails, Polearms,
   Staves and Unarmed Combat.
Jewellery
 N - a ring of positive energy (left hand)
Wands
 h - a wand of polymorph (4)
Scrolls
 c - 2 scrolls of amnesia
 d - a scroll of identify {@r1}
 f - 2 scrolls of vulnerability
Potions
 i - a potion of mutation
 l - a potion of magic
 o - a potion of enlightenment

Dungeon Overview and Level Annotations

Branches:
Dungeon (5/15)
 Temple: D:4-7

Altars:
Ashenzari
Fedhas
Gozag
Qazlal
Uskayaw

#............## ##....#
#### #.............#
#....# ###..#
#........o...o# ##....#
##..... .......o.....#
#....## #......
#............# ##.####
##...... #...........##
#..# ##.......
#...........# ##..#
#........ #..........##
#..## ##.......
##........######@.#####
#.......
o...........)##..##...#
##......
o##....######.oo.#....##
#...... .#######
####.......# ##..... .#
##.......## #..... .#
##.........## ##.... .#
#.........>.# ##... .#
#...........# #... ##
##..........## ##...


You could see an orc wizard (poisoned) and an orc (poisoned).


Message History

You easily resist.
You hit the orc wizard but do no damage.
The orc wizard is severely wounded.
The orc wizard hits you with a +0 dagger.
The orc hits you with a +2 heavy morningstar!!
* * * LOW HITPOINT WARNING * * *
You are too injured to fight recklessly!
Casting: Poisonous Vapours (safe; 6% risk of failure)
Confirm with . or Enter, or press ? or * to list all spells.
Aiming: Poisonous Vapours (safe; 6% risk of failure)
Press: ? - help, Dir - move target, f - orc wizard
Aim: an orc wizard, wielding a +0 dagger and wearing a +0 robe (severely wounded) Poisonous vapours surround the orc wizard!
The orc wizard is poisoned.
The orc wizard points at you and mumbles some strange words.
The magic dart hits you.
* * * LOW HITPOINT WARNING * * *
Casting: Poisonous Vapours (safe; 6% risk of failure)
Confirm with . or Enter, or press ? or * to list all spells.
Aiming: Poisonous Vapours (safe; 6% risk of failure)
Press: ? - help, Dir - move target, f - orc, p - orc wizard
Aim: an orc, wielding a +2 heavy morningstar Poisonous vapours surround the orc!
The orc is poisoned.
The orc closely misses you. The orc wizard barely misses you.
Okay, then.
Okay, then.
The orc wizard casts a spell at you. The puff of flame hits you.
You die... "This toy is broken."

Skill      XL: |  1  2  3  4  5  6  7  8 |
---------------+-------------------------+-----
Staves         | 1 2 3 4 |  4.1
Poison Magic   | 2 5 6 |  6.8
Spellcasting   | 2 4 |  4.5
Ice Magic      | 2 4 |  4.2
Armour         | 1 |  1.5
Fighting       | |  2.4
Polearms       | |  2.1
Dodging        | |  2.4
Evocations     | |  0.5

Action                     |  1- 3 |  4- 6 |  7- 9 || total
---------------------------+-------+-------+-------++-------
  Melee: Spear             |    51 |       |       ||    51
         Staff             |    64 |   301 |   150 ||   515
         Punch             |     1 |     3 |     4 ||     8
         Headbutt          |       |    18 |    33 ||    51
   Cast: Sting             |    10 |    54 |    18 ||    82
         Poisonous Vapours |       |     2 |    15 ||    17
         Olgreb's Toxic Ra |       |       |     3 ||     3
 Invoke: Curse Item        |       |     1 |       ||     1
    Use: Scroll            |     7 |     4 |     7 ||    18
         Potion            |     3 |     5 |     2 ||    10
   Stab: Sleeping          |     1 |     1 |     1 ||     3
 Armour: Leather armour    |    53 |   253 |   145 ||   451
  Dodge: Dodged            |    67 |   229 |   131 ||   427
  Block: Other             |       |     9 |       ||     9

Levels and vault maps discovered:
D:1:      mainiacjoe_arrival_oval_in_oval, layout_basic, minmay_statues_item
D:2:      layout_loops_corners, reono_crystal_passage, kennysheep_small_spiral,
          dk_noncrumbling_3, minmay_misc_feat_x, uniq_sigmund
D:3:      layout_basic, mainiacjoe_overflow_tiny_flanked,
          cheibrodos_ashenzari_chains, kennysheep_another_room,
          minmay_misc_feat_enclosed
D:4:      cheibrodos_fertilizer, layout_gridville,
          grunt_temple_overflow_forces_of_nature, serial_bayou,
          serial_bayou_pond_c, serial_bayou_lake_a, serial_bayou_shore_a,
          serial_bayou_pond_b, serial_bayou_pond_e, minmay_snake_closets,
          uniq_robin, uniq_crazy_yiuf_cottage, uniq_eustachio, uniq_duvessa,
          uniq_natasha
D:5:      layout_cave_pods, nicolae_gozag_cash_rules_everything_around_me,
          nicolae_yredelemnul_corpse_copse, nrook_mini_backslash

Notes
Turn   | Place    | Note
-------+----------+-------------------------------------------
     0 | D:1      | demibob the Deep Elf Chaos Knight began the quest for the
                  | Orb.
     0 | D:1      | Reached XP level 1. HP: 13/13 MP: 3/3
   120 | D:1      | Reached skill level 1 in Staves
   126 | D:1      | HP: 1/13 [dart slug (1)]
   189 | D:1      | Reached XP level 2. HP: 18/18 MP: 4/4
   215 | D:1      | XOM: silly message
   307 | D:1      | Reached skill level 2 in Staves
   580 | D:1      | XOM: cloud trail
   737 | D:1      | XOM: cloud trail
   832 | D:2      | Learned a level 1 spell: Sting
   870 | D:2      | XOM: 6-stop teleportation journey
   897 | D:2      | Reached XP level 3. HP: 19/22 MP: 5/5
  1044 | D:2      | XOM: scenery: 1 doors open
  1064 | D:2      | Noticed Sigmund
  1079 | D:2      | XOM: smoke on damage
  1089 | D:2      | XOM: butterfly on damage
  1091 | D:2      | XOM: 6-stop teleportation journey
  1248 | D:2      | XOM: smoke on damage
  1332 | D:2      | XOM: scenery: summon butterflies
  1347 | D:2      | XOM: god gift: 568 gold pieces
  1350 | D:2      | XOM: divination: detect creatures
  1352 | D:2      | Reached skill level 1 in Poison Magic
  1367 | D:2      | Reached skill level 2 in Poison Magic
  1367 | D:2      | XOM: fog
  1384 | D:2      | Reached XP level 4. HP: 21/27 MP: 0/6
  1433 | D:2      | XOM is BORED!
  2033 | D:2      | XOM: summons 4 friendly demons
  2034 | D:2      | XOM: scenery: 1 doors close
  2035 | D:2      | XOM: cast spell 'Summon Small Mammal'
  2042 | D:2      | Killed Sigmund
  2043 | D:2      | Reached skill level 5 in Poison Magic
  2043 | D:2      | Reached XP level 5. HP: 24/31 MP: 5/7
  2450 | D:3      | Reached XP level 6. HP: 36/36 MP: 5/8
  2750 | D:3      | Found a hide-covered altar of Uskayaw.
  2774 | D:3      | Reached skill level 1 in Spellcasting
  2934 | D:3      | XOM: give mutations
  2934 | D:3      | Gained mutation: You are partially covered in iridescent
                  | scales. (AC +2) [Xom's grace]
  2934 | D:3      | Gained mutation: You are partially covered in large bone
                  | plates. (SH +4) [Xom's grace]
  2934 | D:3      | Gained mutation: You have a pair of small antennae on your
                  | head. [Xom's grace]
  2969 | D:3      | Found a broken altar of Ashenzari.
  3014 | D:3      | Fell from the grace of Xom
  3014 | D:3      | Became a worshipper of Ashenzari the Shackled
  3183 | D:4      | Noticed Robin
  3204 | D:4      | Killed Robin
  3205 | D:4      | Reached skill level 1 in Ice Magic
  3208 | D:4      | Identified the +5 ring mail of Marbles {rN+ Will+ Str+3
                  | Int-2}
  3223 | D:4      | Reached skill level 1 in Armour
  3393 | D:4      | Lost mutation: You are partially covered in iridescent
                  | scales. (AC +2) [potion of mutation]
  3393 | D:4      | Lost mutation: You have a pair of small antennae on your
                  | head. [potion of mutation]
  3393 | D:4      | Lost mutation: You are partially covered in large bone
                  | plates. (SH +4) [potion of mutation]
  3393 | D:4      | Gained mutation: Your spells are a little easier to cast,
                  | but a little less powerful. [potion of mutation]
  3393 | D:4      | Gained mutation: You have a pair of small horns on your
                  | head. [potion of mutation]
  3393 | D:4      | Gained mutation: Your muscles are strong. (Str +4, Int/Dex
                  | -1) [potion of mutation]
  3394 | D:4      | Identified a potion of resistance
  3398 | D:4      | HP: 3/36 [poisoned by a scorpion]
  3400 | D:4      | HP: 1/36 [poisoned by a scorpion]
  3557 | D:4      | XOM: give mutations
  3557 | D:4      | Gained mutation: You are dopey. (Int -2) [Xom's mischief]
  3557 | D:4      | Gained mutation: You are agile. (Dex +4, Str/Int -1) [Xom's
                  | mischief]
  3561 | D:4      | Learned a level 2 spell: Poisonous Vapours
  3566 | D:4      | Noticed Natasha
  3579 | D:4      | Killed Natasha
  3951 | D:4      | Reached skill level 6 in Poison Magic
  3968 | D:4      | Reached skill level 2 in Ice Magic
  4047 | D:4      | Found a stormy altar of Qazlal.
  4052 | D:4      | Found a blossoming altar of Fedhas.
  4127 | D:4      | Reached skill level 2 in Spellcasting
  4127 | D:4      | Reached XP level 7. HP: 21/40 MP: 3/13
  4256 | D:4      | Reached skill level 3 in Spellcasting
  4256 | D:4      | Reached skill level 3 in Ice Magic
  4556 | D:5      | Entered Level 5 of the Dungeon
  4602 | D:5      | Reached skill level 4 in Spellcasting
  4910 | D:5      | HP: 4/40 [acid (4)]
  4912 | D:5      | Reached skill level 4 in Ice Magic
  5268 | D:5      | XOM: summons 12 hostile demons
  5269 | D:5      | Noticed a neqoxec
  5269 | D:5      | >>die here
  5296 | D:5      | Reached skill level 3 in Staves
  5309 | D:5      | Learned a level 4 spell: Olgreb's Toxic Radiance
  5382 | D:5      | XOM: give mutation
  5382 | D:5      | Gained mutation: You occasionally shout uncontrollably at
                  | your foes. [Xom's mischief]
  5409 | D:5      | Found an opulent altar of Gozag.
  5439 | D:5      | Reached XP level 8. HP: 11/45 MP: 11/16
  5813 | D:5      | XOM: torment (26/45 hp)
  5939 | D:5      | Reached skill level 4 in Staves
  5940 | D:5      | XOM: summons 2 hostile shadow creatures
  6064 | D:5      | HP: 1/45 [orc wizard/magic dart (6)]
  6066 | D:5      | Killed from afar by an orc wizard

Vanquished Creatures
  3 black bears
  A bullfrog (D:5)
  2 scorpions (D:4)
  A hound (D:5)
  2 jellies
  3 orc priests
  2 iguanas (D:5)
  Natasha (D:4)
  Robin (D:4)
  7 gnolls
  8 adders
  A white imp (D:5)
  2 worms
  6 dart slugs
  12 orcs
  6 ball pythons
  5 endoplasms
  A giant cockroach (D:1)
  12 goblins
  10 hobgoblins
  13 jackals
  7 quokkas
  10 bats
  2 frilled lizards (D:1)
  8 kobolds
  4 rats
130 creatures vanquished.

Vanquished Creatures (collateral kills)
  Sigmund (D:2)
1 creature vanquished.

Grand Total: 131 creatures vanquished

Table legend: (Time is in decaauts)
 A = Elapsed time spent in this place.
 B = Non-inter-level travel time spent in this place.
 C = Inter-level travel time spent in this place.
 D = Time resting spent in this place.
 E = Time spent auto-exploring this place.
 F = Levels seen in this place.
 G = Mean time per level.
                   A        B        C        D        E       F      G
               +--------+--------+--------+--------+--------+-----+--------+
         Total |   6103 |   5928 |    175 |    588 |   4099 |   5 | 1220.6 |
       Dungeon |   6103 |   5928 |    175 |    588 |   4099 |   5 | 1220.6 |
               +--------+--------+--------+--------+--------+-----+--------+

Top non-repeatable levels by time:
     D:4: 1710 daAuts
     D:2: 1509 daAuts
     D:5: 1353 daAuts
     D:3: 789 daAuts
     D:1: 740 daAuts

Table legend:
 A = Non-vault XP
 B = Vault XP
 C = Vault XP percentage of total XP
 D = Non-vault monster count
 E = Vault monster count
 F = Vault count percentage of total count
                 A         B        C        D         E       F
            +---------+---------+-------+---------+---------+-------
      Total |    1113 |     558 |  33.4 |      98 |      33 |  25.2
            +---------+---------+-------+---------+---------+-------
        D:1 |      37 |       0 |   0.0 |      20 |       0 |   0.0
        D:2 |      97 |     231 |  70.4 |      16 |       1 |   5.9
        D:3 |      50 |       0 |   0.0 |      25 |       0 |   0.0
        D:4 |     245 |     327 |  57.2 |      13 |      32 |  71.1
        D:5 |     684 |       0 |   0.0 |      24 |       0 |   0.0
            +---------+---------+-------+---------+---------+-------
